 Dungeon Crawl Stone Soup version 0.27-a0-1101-ge311f74bc8 (webtiles) character file.

Game seed: 16696684257786787992

246 nabalzbhf the Chopper (level 5, -2/43 HPs)
             Began as a Palentonga Monk on Apr 28, 2021.
             Slain by Grinder (3 damage)
             ... on level 3 of the Dungeon.
             The game lasted 00:03:40 (2657 turns).

nabalzbhf the Chopper (Palentonga Monk)             Turns: 2657, Time: 00:03:41

Health: -2/43      AC:  5    Str: 16    XL:     5   Next: 84%
Magic:  5/5        EV:  9    Int: 10    God:
Gold:   76         SH:  0    Dex: 12    Spells: 4/4 levels left

rFire    . . .     SeeInvis +   a - +0 hand axe
rCold    . . .     Faith    .   (no shield)
rNeg     . . .     Spirit   .   e - +0 ring mail
rPois    .         Reflect  .   (no helmet)
rElec    .         Harm     .   (no cloak)
rCorr    .         Rampage  .   (no gloves)
Will     .....                  (no barding)
Stlth    +.........             (no amulet)
HPRegen  0.14/turn              (no ring)
MPRegen  0.09/turn              (no ring)

@: no status effects
A: large, rugged brown scales 3, see invisible, deformed body, roll 1, armoured
tail
a: Rolling Charge


You were on level 3 of the Dungeon.
You visited 1 branch of the dungeon, and saw 3 of its levels.

You collected 76 gold pieces.

Inventory:

Hand Weapons
 a - a +0 hand axe (weapon)
Missiles
 c - 5 stones
 g - 15 bolts
 h - 15 poisoned darts
 n - 23 arrows
 o - 15 sling bullets
Armour
 e - a +0 ring mail (worn)
Jewellery
 i - a ring of fire
Scrolls
 b - 2 scrolls of blinking {unknown}
 d - a scroll of acquirement {unknown}
 j - a scroll of brand weapon {unknown}
 k - a scroll of silence {unknown}
 l - a scroll of noise {unknown}
 m - a scroll of magic mapping {unknown}
Potions
 f - a potion of degeneration {unknown}


   Skills:
 - Level 3.0 Fighting
 + Level 6.6 Axes
 - Level 2.4 Dodging
 - Level 1.2 Stealth


You had 4 spell levels left.
You didn't know any spells.
Your spell library was empty.

Dungeon Overview and Level Annotations

Branches:
Dungeon (3/15)

Altars:
Dithmenos
Ru

Shops:
D:1 =

Annotations:
D:2 Natasha
D:3 Grinder


Innate Abilities, Weirdness & Mutations

You are completely covered in rugged brown scales. (AC +3, +7% HP)
You have supernaturally acute eyesight. (SInv)
Armour fits poorly on your strangely shaped body.
You can roll at nearby foes to attack.
You have a long armoured tail.


Message History

Unknown command.
You closely miss Grinder. Grinder gestures at you.
Pain shoots through your body!
You are too injured to fight recklessly!
You are too injured to fight recklessly!
You are too injured to fight recklessly!
You are too injured to fight recklessly!
You hit Grinder.
Grinder is lightly wounded.
Grinder hits you.
You slash Grinder!
Grinder is moderately wounded.
Grinder hits you.
* * * LOW HITPOINT WARNING * * *
You slash Grinder!
Your tail-slap misses Grinder.
Grinder is heavily wounded.
Grinder closely misses you.
You slash Grinder!
Grinder is severely wounded.
Grinder says, "Tell me all your secrets, or I'll kill you."
Grinder blinks!
Roll where?
Press: ? - help, Dir - move target, f/p - Grinder
Aim: Grinder (severely wounded)
You roll forward with a clatter of scales!
You closely miss Grinder.
Grinder is severely wounded.
Grinder gestures at you. You resist with significant effort.
Unknown command.
You closely miss Grinder.
Grinder is severely wounded.
Grinder gestures at you. Pain shoots through your body!
* * * LOW HITPOINT WARNING * * *
You closely miss Grinder.
Grinder is severely wounded.
Grinder hits you.
You die...

.. ... .......................#.
. ... .....................#. ##
#.######..................... ..
.... ..#...................#.
.####.####.#...................<.
.#.......#.#...................#.
.#.##.##.#.#...................#.
.#.#...#.#.#....5...##.#####...#.
....._..........@......# #.....
.#.#...#.#.#....○#..##.# #...#.
.#.##.##.#.#.###°#..##.#####...#.
.#.......#.#.....°..)..........#.
.####.####.#.###.#.>##...........
.. .... ..#.###.##.########...#.
#####.######.....................
..........#.....................
#........#.###.##.####.###.#.#.


You could see Grinder.

Vanquished Creatures
  Sigmund (D:2)
  Natasha (D:2)
  An adder (D:2)
  3 ball pythons
  5 endoplasms
  3 hobgoblins
  9 jackals
  2 quokkas
  7 bats
  2 frilled lizards (D:1)
  2 goblins
  5 kobolds
  3 rats (D:1)
44 creatures vanquished.

Vanquished Creatures (others)
  A plant (D:2)
1 creature vanquished.

Grand Total: 45 creatures vanquished

Notes
Turn   | Place    | Note
-------+----------+-------------------------------------------
     0 | D:1      | nabalzbhf the Palentonga Monk began the quest for the Orb.
     0 | D:1      | Reached XP level 1. HP: 19/19 MP: 1/1
   127 | D:1      | Reached XP level 2. HP: 20/25 MP: 2/2
   422 | D:1      | Found Ticoud's Jewellery Shoppe.
   737 | D:1      | Reached skill level 4 in Axes
  1282 | D:2      | Reached XP level 3. HP: 28/31 MP: 3/3
  1399 | D:2      | Noticed Sigmund
  1411 | D:2      | Killed Sigmund
  1412 | D:2      | Reached skill level 6 in Axes
  1412 | D:2      | Reached XP level 4. HP: 13/37 MP: 4/4
  1412 | D:2      | Reached XP level 5. HP: 15/43 MP: 5/5
  1659 | D:2      | Found a faded altar of an unknown god.
  1698 | D:2      | Noticed Natasha
  1715 | D:2      | Killed Natasha
  2169 | D:2      | Found a shadowy altar of Dithmenos.
  2170 | D:2      | Noticed Natasha
  2209 | D:3      | Found a sacrificial altar of Ru.
  2641 | D:3      | Noticed Grinder
  2656 | D:3      | HP: 1/43 [Grinder/nerve-wracking pain (12)]
  2657 | D:3      | Slain by Grinder

Illustrated notes

Levels and vault maps discovered:
D:1:      heliophobic_arrival_battle_scene, layout_loops_ring, serial_shops,
          shop_statue, minmay_tall_x
D:2:      layout_loops_corners, shapermc_ecumenical_altar_mp_urbaneastern,
          basic_altar, uniq_natasha, uniq_sigmund
D:3:      layout_basic, nicolae_ru_sacrificial_ziggurat, serial_curves,
          eino_curves_03, eino_curves_01, uniq_grinder

Skill      XL: |  1  2  3 |
---------------+----------+-----
Axes           | 4 6 |  6.6
Fighting       | |  3.0
Dodging        | |  2.4
Stealth        | |  1.2

Action                   |  1- 3 |  4- 6 || total
-------------------------+-------+-------++-------
Melee: Hand axe          |    88 |    58 ||   146
       Tailslap          |    13 |     3 ||    16
 Abil: Rolling Charge    |     4 |     3 ||     7
  Use: Potion            |     1 |       ||     1
Armor: Robe              |     7 |       ||     7
       Ring mail         |    54 |    23 ||    77
Dodge: Dodged            |    42 |    21 ||    63

Table legend: (Time is in decaauts)
 A = Elapsed time spent in this place.
 B = Non-inter-level travel time spent in this place.
 C = Inter-level travel time spent in this place.
 D = Time resting spent in this place.
 E = Time spent auto-exploring this place.
 F = Levels seen in this place.
 G = Mean time per level.
                   A        B        C        D        E       F      G
               +--------+--------+--------+--------+--------+-----+--------+
         Total |   2671 |   2583 |     88 |    818 |   1373 |   3 |  890.3 |
       Dungeon |   2671 |   2583 |     88 |    818 |   1373 |   3 |  890.3 |
               +--------+--------+--------+--------+--------+-----+--------+

Top non-repeatable levels by time:
     D:2: 1196 daAuts
     D:1: 997 daAuts
     D:3: 477 daAuts
